cohdb
Replays
Latest Replays
All Replays
Popular Replays
Top Player Replays
Match Explorer
How It Works
Community
CoH3 Stats
Reddit
Sign in to upload your games and track your stats! →
Sign in with Steam
Match 47197211
Unlisted
Match 47197211
Overview
Messages
Build Orders
End
Royal Engineer Section
Construct Section Command Post
Selects Canadian Shock Battlegroup
Infantry Section
Dingo Light Scout Car
Grenade Package
Infantry Section
Selects Attacking Spirit
Selects Canadian Shock Section
Construct Platoon Command Post
Canadian Shock Section
Humber Armored Car
Selects Incendiary Munitions
Canadian Shock Section
Selects Pyrotechnics
Infantry Training
Construct Company Command Post
Crusader II Medium Tank
6-pounder Anti-tank Gun Team
Crusader II Medium Tank
Foot Guards Section
Selects Churchill Crocodile Heavy Tank
Selects Point Assault
Foot Guards Section
mentoss
Jansoldaat
0
0
Comments
sign in to comment!
No comments posted yet!